Map: Blackburn LE

Players

Throwfordays - Winner!

  • Race: Terran Terran
  • League: Gold

ragnarog

  • Race: Protoss Protoss
  • League: Silver

VOD

Have the link to the VOD?

Description

Time

  • Played on: Aug. 27, 2021, 7:14 p.m.
  • Length: 6:43
Show
View Real Time Build Order
Export as new Build Order

Throwfordays Terran - Winner!

Build Orders:  

Get SALT Encoding   

  12  0:00  SCV  
  13  0:16  Supply Depot  
  13  0:18  SCV  
  14  0:30  SCV  
  14  0:31  Refinery  
  15  0:43  Barracks  
  15  0:47  SCV  
  16  0:57  Supply Depot  
  16  1:00  SCV  
  17  1:10  Refinery  
  17  1:12  SCV  
  18  1:29  Barracks  
  18  1:31  Reaper  
  19  1:38  SCV  
  20  1:50  SCV  
  21  2:02  SCV  
  21  2:04  Barracks  
  22  2:10  Reaper  
  22  2:14  SCV  
  24  2:25  Reaper  
  25  2:42  Reaper  
  26  2:51  Reaper  
  27  2:57  Reaper  
  28  3:01  Barracks  
  28  3:03  SCV  
  29  3:10  Engineering Bay  
  29  3:15  Reaper  
  29  3:16  SCV  
  31  3:47  Barracks Reactor x2  
  31  3:48  Barracks Reactor  
  31  3:50  Barracks Reactor  
  31  3:54  Terran Infantry Weapons Level 1  
  31  4:06  Supply Depot, Command Center  
  31  4:09  Supply Depot  
  31  4:28  SCV  
  31  4:34  Refinery  
  32  4:38  Marine x3  
  32  4:39  Marine x5  
  38  4:51  Orbital Command  
  38  4:56  Marine x3  
  40  5:42  SCV  
  41  5:43  SCV  
  41  5:48  Marine x2  
  41  5:49  Marine x6  
  50  5:54  SCV  
  50  5:55  SCV  
  52  6:06  Marine x4  
  52  6:07  SCV  
  56  6:19  SCV  
Show
View Real Time Build Order
Export as new Build Order

ragnarog Protoss 

Build Orders:  

Get SALT Encoding   

  12  0:12  Pylon  
  12  0:14  Probe (Chrono Boost)  
  13  0:24  Assimilator  
  13  0:37  Gateway  
  13  0:40  Probe  
  14  0:55  Pylon  
  14  0:59  Probe  
  15  1:11  Assimilator  
  15  1:14  Assimilator  
  15  1:17  Probe (Chrono Boost)  
  16  1:29  Cybernetics Core  
  16  1:30  Probe (Chrono Boost)  
  17  2:05  Stalker  
  19  2:14  Stargate  
  19  2:35  Stalker  
  21  2:53  Void Ray  
  22  3:35  Void Ray  
  22  3:45  Probe (Chrono Boost)  
  28  3:56  Probe (Chrono Boost)  
  28  4:00  Probe (Chrono Boost)  
  29  4:12  Probe  
  30  4:24  Probe  
  29  4:51  Pylon  
  29  4:54  Pylon  
  29  5:02  Pylon  
  29  5:06  Void Ray  
  29  5:07  Pylon  
  29  5:14  Pylon  
  19  5:31  Probe (Chrono Boost)  
  20  5:41  Probe (Chrono Boost)  
  21  5:43  Void Ray  
  21  5:46  Probe (Chrono Boost)  
  26  6:08  Probe  
Tags
 
Add a new tag
Caveats
  • Supply blocks, unpowered buildings, or Contaminate may cause inaccurate times.
  • Supply counts are checked every 10 seconds.